 Dungeon Crawl Stone Soup version 0.32-a0-571-gec57dfcd37 (webtiles) character file.

Game seed: 9527287796636659597

3119 octoduck the Grappler (level 9, -4/83 (88) HPs)
             Began as a Troll Fighter on Feb 29, 2024.
             Slain by a wight
             ... wielding a +4 hand axe
              (8 damage)
             ... on level 7 of the Dungeon on Mar 1, 2024.
             The game lasted 00:16:17 (5885 turns).

octoduck the Grappler (Troll Fighter)               Turns: 5885, Time: 00:16:18

HP:   -4/83 (88)    AC:  4    Str: 26    XL:     9   Next: 60%
MP:   8/8           EV: 11    Int:  4    God:
Gold: 484           SH:  9    Dex: 13    Spells: 8/8 levels left

rFire   + .          .
                       - Unarmed
rCold   . . .        b - +0 kite shield
rNeg    . . .        a - +0 robe
rPois   .            (helmet restricted)
rElec   .            (no cloak)
rCorr   .            (gloves unavailable)
SInv    .            (boots unavailable)
Will    .....        (no amulet)
Stlth   +            h - ring of wizardry
HPRegen 1.13/turn    k - ring of protection from fire
MPRegen 0.11/turn

%: wizardry (x1)
@: mighty, on berserk cooldown, slowed, drained, very slow
A: large, unfitting armour, claws 3, regeneration 1, shaggy fur 1, tough skin 1
a: no special abilities


You were on level 7 of the Dungeon.
You visited 1 branch of the dungeon, and saw 7 of its levels.
You also visited: Ossuary.

You collected 484 gold pieces.

Inventory:

Missiles
 t - 3 curare-tipped darts (quivered)
Armour
 a - a +0 robe (worn)
 b - a +0 kite shield (worn)
Jewellery
 h - a ring of wizardry (left claw)
 k - a ring of protection from fire (right claw)
Wands
 j - a wand of paralysis (24)
 m - a wand of flame (18)
Scrolls
 e - 4 scrolls of revelation
 g - 2 scrolls of teleportation
 l - a scroll of noise
 q - 3 scrolls of amnesia
 r - 2 scrolls of brand weapon {unknown}
 s - 3 scrolls of enchant armour {unknown}
 u - 6 scrolls of fog {unknown}
 v - a scroll of immolation {unknown}
 y - a scroll of butterflies {unknown}
 z - 5 scrolls of identify
 B - a scroll of poison {unknown}
Potions
 d - 2 potions of brilliance
 f - 4 potions of attraction
 i - 4 potions of berserk rage
 n - 3 potions of mutation
 o - 2 potions of invisibility {unknown}
 p - 3 potions of ambrosia
 w - 2 potions of lignification {unknown}
 x - a potion of enlightenment {unknown}
 A - 4 potions of curing {unknown}
 C - 2 potions of heal wounds {unknown}


   Skills:
 + Level 5.6 Fighting
 + Level 5.6 Dodging
 + Level 6.2 Shields
 * Level 8.8 Unarmed Combat


You had 8 spell levels left.
You didn't know any spells.
Your spell library contained the following spells:

 Spells                   Type           Power      Damage    Failure   Level
 Ensorcelled Hibernation  Hex/Ice        0%         N/A       52%         2
 Mercury Vapours          Alch/Air       0%         N/A       52%         2
 Call Canine Familiar     Summ           0%         N/A       75%         3
 Mephitic Cloud           Conj/Alch/Air  0%         N/A       75%         3
 Passwall                 Erth           0%         N/A       75%         3
 Sigil of Binding         Hex            0%         N/A       75%         3
 Swiftness                Air            0%         N/A       75%         3
 Dimensional Bullseye     Hex/Tloc       0%         N/A       98%         4
 Freezing Cloud           Conj/Ice/Air   0%         6-21      100%        5
 Sculpt Simulacrum        Ice/Alch       0%         N/A       100%        6
 Ozocubu's Refrigeration  Ice            0%         4d7       100%        7
 Polar Vortex             Ice            0%         N/A       100%        9


Dungeon Overview and Level Annotations

Branches:
Dungeon (7/15)             Temple (0/1) D:7         Ossuary (visited)

Altars:
Fedhas
Kikubaaqudgha
Makhleb
Xom
Zin

Shops:
D:5 (

Portals:
Abyss: D:3

Annotations:
D:3 2 transporters, Azoth's ghost, weakling DECj


Innate Abilities, Weirdness & Mutations

You are too large for most types of armour.
You have claws for hands.
Your natural rate of healing is unusually fast.
You are covered in fur. (AC +1)
You have tough skin. (AC +1)


Message History

You barely miss the wight. You closely miss the wight.
The wight hits you with a +3 flail!
* * * LOW HITPOINT WARNING * * *
You completely miss the wight. You block the wight's attack.
You claw the wight!
The wight is heavily damaged.
You claw the wight!
You destroy the wight!
The wight hits you with a +0 dagger.
* * * LOW HITPOINT WARNING * * *
You block the wight's attack. The wight barely misses you.
Things that are here:
a +3 flail; a +0 robe You closely miss the wight.
You scratch the wight.
The wight is moderately damaged.
The wight hits you with a +4 hand axe!
* * * LOW HITPOINT WARNING * * *
You block the wight's attack. The wight hits you with a +0 dagger.
* * * LOW HITPOINT WARNING * * *
You feel drained.
* * * LOW HITPOINT WARNING * * *
You mangle the wight!!
You destroy the wight!
The wight hits you with a +0 dagger.
* * * LOW HITPOINT WARNING * * *
You feel drained.
* * * LOW HITPOINT WARNING * * *
You block the wight's attack.
You are too berserk!
You are too berserk!
You feel a strong urge to attack something.
You are no longer berserk.
You are exhausted.
You feel yourself slow down. The wight barely misses you.
You mangle the wight!!
You destroy the wight!
You hear the loud creaking of a portcullis very nearby.
The wight hits you with a +4 hand axe!
You die...

#.# #.# ***** *** ######.####
**,,,** ,,* ***
#.....)...###.***,*** *,*
**,*##.##..........* *,,,, *,*
*,*,..!......#.###.***,*** *,*
**,*##.####.##.#**,,,,,* *,*
****,* #.####)##.#*,,*,*,*** *,*
*,,,,* #...@z....#,,,,,,,,,, *,*
*,**** ######'####,~~~~~~~,, ,,*
*,* **,..#**,~*****~,, *** *,***
**,,..$#*,~*,,,*~,, ,* *,*,**
**,,,....#,~*,∩,*~,,
,*****,,,,****,,,,......~*,,,*~,,
,,,,,,,,,,,,,+,,,,......~**,**~,,
,*****,,,,****,,,,......~~~~~~~,,
,* *,*,** **>,,,,,,,,,,,,,,,,,


You could see a wight.

Vanquished Creatures
  Grinder (D:3)
  A fire bat (D:6)
  A steam dragon (D:6)
  Edmund (D:6)
  2 water moccasins (D:5)
  A black bear (D:6)
  An ice beast (D:5)
  A sky beast (D:6)
  An ogre (D:5)
  A phantom (D:4)
  2 kobold brigands (D:5)
  An elf skeleton (D:7)
  7 scorpions
  8 wights
  A howler monkey (D:6)
  A bombardier beetle (D:6)
  A human zombie (Ossuary)
  4 jellies
  3 hounds
  A gnoll bouda (D:6)
  An iguana (D:4)
  4 scorpion zombies (Ossuary)
  Natasha (thrice) (D:3)
  5 orc wizards
  A human skeleton (D:7)
  3 mummies (Ossuary)
  4 gnolls
  6 adders
  2 ufetubi (D:6)
  An adder zombie (Ossuary)
  4 dart slugs
  3 ribbon worms
  13 orcs
  6 ball pythons
  6 endoplasms
  6 giant cockroaches (D:2)
  9 goblins
  8 hobgoblins
  2 jackals (D:4)
  4 quokkas
  2 ball python zombies (Ossuary)
  2 bats
  2 frilled lizards
  2 gnoll zombies (Ossuary)
  2 jackal zombies (Ossuary)
  10 kobolds
  4 orc zombies (Ossuary)
  5 rats
160 creatures vanquished.

Notes
Turn   | Place    | Note
-------+----------+-------------------------------------------
     0 | D:1      | octoduck the Troll Fighter began the quest for the Orb.
     0 | D:1      | Reached XP level 1. HP: 22/22 MP: 0/0
   390 | D:1      | Reached XP level 2. HP: 28/29 MP: 1/1
   604 | D:1      | Found a faded altar of an unknown god.
  1121 | D:2      | Reached XP level 3. HP: 34/36 MP: 2/2
  1546 | D:3      | Noticed Natasha
  1595 | D:3      | Noticed Grinder
  1598 | D:3      | Paralysed by Grinder for 2 turns
  1719 | D:3      | Paralysed by Grinder for 4 turns
  1725 | D:3      | Killed Grinder
  1726 | D:3      | Reached skill level 4 in Unarmed Combat
  1726 | D:3      | Reached XP level 4. HP: 45/45 MP: 3/3
  1726 | D:3      | Reached XP level 5. HP: 53/53 MP: 4/4
  1760 | D:3      | Killed Natasha
  1781 | D:3      | Noticed Natasha
  1795 | D:3      | Killed Natasha
  1796 | D:3      | Reached XP level 6. HP: 40/61 MP: 5/5
  1979 | D:3      | Noticed Natasha
  1988 | D:3      | Killed Natasha
  2005 | D:3      | Found a one-way gate to the infinite horrors of the Abyss.
  2005 | D:3      | Noticed Azoth's ghost (weakling DECj)
  2019 | D:3      | Noticed a small abomination
  2049 | D:3      | Found a transporter.
  2087 | D:3      | Found a transporter.
  2090 | D:3      | Noticed a toenail golem
  2768 | D:4      | Reached skill level 5 in Unarmed Combat
  2768 | D:4      | Reached XP level 7. HP: 60/68 MP: 6/6
  3089 | D:5      | Entered Level 5 of the Dungeon
  3605 | D:5      | Found Feofosch's Antique Weapon Boutique.
  3628 | D:5      | Reached skill level 6 in Unarmed Combat
  3758 | D:5      | Reached XP level 8. HP: 69/78 MP: 7/7
  4303 | D:6      | Found a shimmering altar of Xom.
  4327 | D:6      | Reached skill level 5 in Shields
  4374 | D:6      | Reached skill level 7 in Unarmed Combat
  4395 | D:6      | Identified the +5 battleaxe "Juenn" {flame, rPois rF- rN+
                  | Dex+2}
  4465 | D:6      | Found an ancient bone altar of Kikubaaqudgha.
  4468 | D:6      | Found a blossoming altar of Fedhas.
  4918 | D:6      | Noticed Edmund
  4960 | D:6      | Killed Edmund
  4961 | D:6      | Reached skill level 5 in Fighting
  4961 | D:6      | Reached skill level 5 in Dodging
  5074 | D:6      | Reached XP level 9. HP: 68/88 MP: 8/8
  5295 | D:7      | Reached skill level 8 in Unarmed Combat
  5304 | D:7      | Found a sand-covered staircase.
  5315 | Ossuary  | Entered an ossuary
  5730 | D:7      | Found a burning altar of Makhleb.
  5732 | D:7      | Found a glowing silver altar of Zin.
  5804 | D:7      | Found a staircase to the Ecumenical Temple.
  5880 | D:7      | HP: 5/124 [wight/+0 dagger (2)]
  5881 | D:7      | HP: 2/124 [wight/+0 dagger (4)]
  5885 | D:7      | Slain by a wight

Illustrated notes

Levels and vault maps discovered:
D:1:      nicolae_arrival_washed_ashore, layout_loops_ring,
          shapermc_ecumenical_altar_mp_highgroup
D:2:      layout_basic, grunt_decor_arrowhead, minmay_worlds_worst_comb
D:3:      layout_rooms, gammafunk_ghost_abyssal_escape, uniq_grinder,
          uniq_natasha
D:4:      layout_loops_ring
D:5:      cheibrodos_thug_alley, layout_basic, serial_shops, shop
D:6:      layout_loops_ring, grunt_temple_overflow_growth_and_decay,
          regret_index_xom_of_box, serial_library_hellmonk_h_bend, uniq_edmund
D:7:      layout_loops_corners, grunt_temple_overflow_order_and_chaos_2,
          nicolae_ru_path_of_blood, lemuel_doored_altar,
          minmay_temple_entry_antechambers, nicolae_ossuary_entry_catacombs,
          enter_bailey_3

Skill      XL: |  1  2  3  4  5  6  7  8  9 |
---------------+----------------------------+-----
Shields        | 3 4 5 6 |  6.2
Fighting       | 3 4 5 |  5.6
Dodging        | 3 4 5 |  5.6
Unarmed Combat | 4 5 6 7 8 |  8.8

Action                     |  1- 3 |  4- 6 |  7- 9 || total
---------------------------+-------+-------+-------++-------
  Melee: Unarmed           |   107 |   105 |   333 ||   545
  Evoke: Wand              |       |       |     2 ||     2
    Use: Scroll            |     4 |     2 |     6 ||    12
         Potion            |       |       |     2 ||     2
   Stab: Sleeping          |     1 |       |     1 ||     2
 Armour: Robe              |    51 |    54 |   228 ||   333
  Dodge: Dodged            |    23 |    32 |    99 ||   154
  Block: Kite shield       |    46 |    34 |   135 ||   215

Table legend: (Time is in decaauts)
 A = Elapsed time spent in this place.
 B = Non-inter-level travel time spent in this place.
 C = Inter-level travel time spent in this place.
 D = Time resting spent in this place.
 E = Time spent auto-exploring this place.
 F = Levels seen in this place.
 G = Mean time per level.
                   A        B        C        D        E       F      G
               +--------+--------+--------+--------+--------+-----+--------+
         Total |   5881 |   5592 |    289 |    857 |   3060 |   8 |  735.1 |
       Dungeon |   5501 |   5212 |    289 |    804 |   2973 |   7 |  785.9 |
       Ossuary |    380 |    380 |      0 |     53 |     87 |   1 |  380.0 |
               +--------+--------+--------+--------+--------+-----+--------+

Top non-repeatable levels by time:
     D:5: 1136 daAuts
     D:6: 985 daAuts
     D:2: 853 daAuts
     D:1: 842 daAuts
     D:3: 739 daAuts
     D:4: 666 daAuts
 Ossuary: 380 daAuts
     D:7: 276 daAuts
